 Dungeon Crawl Stone Soup version 0.18.1-8-gdd0e5ea (console) character file.

290 Kloppie the Skirmisher (level 6, -1/55 HPs)
             Began as a Draconian Fighter on June 5, 2016.
             Was an Initiate of Okawaru.
             Slain by Blork the orc
             ... wielding a cursed +0 halberd
              (10 damage)
             ... in the Ecumenical Temple.
             The game lasted 00:05:55 (3334 turns).

Kloppie the Skirmisher (Draconian Fighter)          Turns: 3334, Time: 00:05:55

Health: -1/55      AC:  7    Str: 23    XL:     6   Next: 9%
Magic:  6/6        EV: 11    Int:  8    God:    Okawaru [......]
Gold:   215        SH: 10    Dex: 13    Spells: 0 memorised, 5 levels left

rFire  . . .     SeeInvis .     a - +0 long sword
rCold  . . .     Gourm    .     (armour unavailable)
rNeg   . . .     Faith    .     b - +0 shield
rPois  .         Spirit   .     (helmet restricted)
rElec  .         Dismiss  .     (no cloak)
rCorr  .         Reflect  .     (no gloves)
SustAt .         Harm     .     o - +0 pair of boots
MR     .....                    (no amulet)
Stlth  +.........               (no ring)
                                (no ring)

@: mighty, not resistant to hostile enchantments, very unstealthy
A: unfitting armour, cold-blooded, AC +6
a: Renounce Religion


You were in the Ecumenical Temple.
You worshipped Okawaru.
Okawaru was noncommittal.
You were hungry.

You visited 2 branches of the dungeon, and saw 5 of its levels.

You collected 215 gold pieces.

Inventory:

Hand Weapons
 a - a +0 long sword (weapon)
Armour
 b - a +0 shield (worn)
 o - a +0 pair of boots (worn)
Jewellery
 r - an uncursed ring of protection from fire {unknown}
Scrolls
 f - a scroll of recharging {unknown}
 g - 2 scrolls of amnesia {unknown}
 k - 2 scrolls of magic mapping {unknown}
 n - 3 scrolls of identify {unknown}
 t - a scroll of teleportation {unknown}
 v - a scroll of noise {unknown}
Potions
 c - 3 potions of might
 e - a potion of flight {unknown}
 h - a potion of invisibility {unknown}
 i - 2 potions of curing {unknown}
 j - a potion of haste {unknown}
 l - a potion of agility {unknown}
 p - a potion of cure mutation {unknown}
 q - a potion of experience {unknown}
Comestibles
 d - 3 bread rations
 s - 2 beef jerkies
 u - a meat ration


   Skills:
 + Level 4.9 Fighting
 + Level 3.4 Long Blades
 + Level 3.8 Dodging
 + Level 4.2 Shields


You had 5 spell levels left.
You didn't know any spells.

Dungeon Overview and Level Annotations

Branches:
Dungeon (4/15)             Temple (1/1) D:4

Altars:
Cheibriados
Elyvilon
Fedhas
Gozag
Kikubaaqudgha
Makhleb
Nemelex Xobeh
Okawaru
Qazlal
Trog
Vehumet
Xom
Zin
The Shining One

Annotations:
D:3 1 exclusion
Temple Blork the orc


Innate Abilities, Weirdness & Mutations

Your plain brown scales are hard (AC +6).
Your body does not fit into most forms of armour.
You are cold-blooded and may be slowed by cold attacks.


Message History

* * * LOW HITPOINT WARNING * * *
You are too injured to fight recklessly!
You are too injured to fight recklessly!
You slash Blork the orc!
Blork the orc is heavily wounded.
Blork the orc casts a spell at you. The puff of flame hits you!
* * * LOW HITPOINT WARNING * * *
Blork the orc closely misses you.
You slash Blork the orc!
Your tail-slap misses Blork the orc.
Blork the orc is severely wounded.
Blork the orc casts a spell.
Blork the orc flickers and vanishes!
Deactivating autopickup; reactivate with Ctrl-A.
Something hits you!
* * * LOW HITPOINT WARNING * * *
Drink which item? (? for menu, Esc to quit)
You feel very mighty all of a sudden. Something hits you!
You die...

≈≈.............................§§
≈§≈............._.............≈§≈
§§≈≈§.._................._...≈§§≈
§≈≈≈§.§.....................≈≈≈≈≈
§§≈≈§§§....................≈≈≈§≈≈
§≈≈≈≈≈§......_....._......≈≈≈§≈≈§
§§§≈≈≈≈≈...............§.≈≈≈§§§§≈
§≈≈§≈≈≈≈≈§............§§≈≈§≈≈≈≈≈≈
§§≈≈≈≈§≈≈§......@......§≈≈≈§≈≈§≈≈
≈≈≈≈≈§§§≈≈§......{...§§§≈≈≈≈≈≈≈§≈
§§≈≈§≈§≈≈§≈≈.........≈≈≈§≈§§§§≈≈≈
≈≈≈§§≈≈≈≈≈≈≈≈.....§.≈§§≈≈≈≈§§§§≈≈
≈≈§§§§§≈≈≈§≈§≈§..§§≈≈≈≈≈§§§≈≈§§≈≈
§§§§§§§≈≈≈≈≈§§≈§≈§≈≈≈§≈§≈≈≈≈≈§≈
≈§≈§≈§§≈≈≈≈≈≈≈§≈≈≈§≈§≈≈≈≈≈≈≈≈
§≈≈≈≈§≈§≈≈≈≈§§≈§≈≈≈§§≈§§≈§
§≈≈≈§§§≈≈≈≈≈≈≈≈≈≈≈≈§§§≈§


There were no monsters in sight!

Vanquished Creatures
  The ghost of blejac99 the Slasher, an amateur HaBe of Trog (D:3)
  A howler monkey (Temple)
  A giant frog skeleton (D:4)
  An iguana (Temple)
  A gnoll (D:1)
  3 adders (D:2)
  An ooze (D:3)
  2 worms
  3 dart slugs
  A giant gecko (D:3)
  6 orcs (D:3)
  A ball python (D:2)
  A giant cockroach (D:2)
  6 goblins
  5 hobgoblins
  4 jackals
  5 kobolds
  5 quokkas
  4 bats
  3 giant newts
  11 rats
66 creatures vanquished.

Notes
Turn   | Place    | Note
--------------------------------------------------------------
     0 | D:1      | Kloppie the Draconian Fighter began the quest for the Orb.
     0 | D:1      | Reached XP level 1. HP: 19/19 MP: 1/1
   286 | D:1      | Reached XP level 2. HP: 24/26 MP: 2/2
   841 | D:1      | Reached XP level 3. HP: 33/33 MP: 3/3
  1217 | D:2      | Found a sparkling altar of Nemelex Xobeh.
  1517 | D:2      | Reached XP level 4. HP: 35/40 MP: 4/4
  1880 | D:3      | Noticed blejac99's ghost (amateur HaBe)
  1889 | D:3      | Killed blejac99's ghost
  1889 | D:3      | Reached XP level 5. HP: 7/47 MP: 5/5
  2235 | D:3      | Found a shimmering altar of Xom.
  2708 | D:4      | Noticed an ogre
  2737 | D:4      | Found a staircase to the Ecumenical Temple.
  2739 | D:4      | Noticed Blork the orc
  2753 | Temple   | Entered the Ecumenical Temple
  3058 | Temple   | Became a worshipper of Warmaster Okawaru
  3317 | D:4      | Reached XP level 6. HP: 49/55 MP: 6/6
  3334 | Temple   | Slain by Blork the orc

Skill      XL: |  1  2  3  4  5 |
---------------+----------------+-----
Fighting       | 4 |  4.9
Dodging        | 3 |  3.8
Long Blades    | 3 |  3.4
Shields        | 4 |  4.2

Action                   |  1- 3 |  4- 6 || total
-------------------------+-------+-------++-------
Melee: Long sword        |   104 |   121 ||   225
       Tailslap          |    12 |    11 ||    23
  Use: Potion            |       |     2 ||     2
  Eat: Chunk             |     2 |     4 ||     6
       Pizza             |       |     1 ||     1
Armor: Skin              |    22 |    29 ||    51
Dodge: Dodged            |    39 |    58 ||    97
Block: Shield            |    49 |    55 ||   104
